Cogmind - Beta 14 @@@ ROGUE MODE // 2024.08.22 @ 02:30:47 Player: HourglassLad Result: Destroyed by G-47 Trooper with Particle Gun Performance ------------- Evolutions (2) 1000 Regions Visited (4) 800 Robots Destroyed (18) 90 Value Destroyed (709) 709 Prototype IDs (7) 140 Alien Tech Used (0) 0 Bonus (0) 0 TOTAL SCORE: 2739 Bonus ------- None Cogmind --------- Core Integrity 0/550 Matter 290/300 Energy 94/100 System Corruption 0% Temperature Cool (9) Movement Core (50) Location -8/Materials Parts ------- > --- POWER (1) -------- (None) > --- PROPULSION (4) --- (None) > --- UTILITY (4) ------ Reaction Control System > --- WEAPON (2) ------- (None) > --- INVENTORY (5) ---- Micro Nuclear Core Sensor Array Improved Utility Shielding Improved Medium Laser Improved Grenade Launcher Peak State ------------ > --- POWER ------------ Micro Nuclear Core > --- PROPULSION ------- Airjet Airjet Airjet Airjet > --- UTILITY ---------- Medium Storage Unit Improved Signal Interpreter Reaction Control System Propulsion Shielding > --- WEAPON ----------- Heavy EM Shotgun Field Laser > --- INVENTORY -------- Micro Nuclear Core Micro Nuclear Core Aluminum Leg Large Battery Sensor Array Improved Signal Interpreter Improved Utility Shielding Improved Light Armor Plating Improved Medium Laser Heavy Particle Cannon [Rating: 33] Favorites ----------- Power Ion Engine Engine Ion Engine Power Core Micro Nuclear Core Propulsion Airjet Treads Armored Treads Leg Carbon-fiber Leg Wheel Wheel Hover Unit Airjet Utility Medium Storage Unit Device Sensor Array Storage Medium Storage Unit Processor Advanced Targeting Computer Protection Improved Light Armor Plating Weapon Light Assault Rifle Energy Gun Field Laser Ballistic Gun Light Assault Rifle Impact Weapon Great Maul Build | -11 -10 -10 -9 -8 ------- Run | Yrd Mat Min Mat Mat Slots Evolved 4 | . . . 2 2 Power . | . . . . . Propulsion 2 | . . . 2 . Utility 2 | . . . . 2 Weapon . | . . . . . Parts Attached 45 | 7 2 6 19 11 Power 4 | 1 . . 2 1 Engine 3 | 1 . . 2 . Core 1 | . . . . 1 Reactor . | . . . . . Propulsion 19 | 3 1 4 10 1 Treads 7 | . . 4 3 . Leg 3 | 1 . . 1 1 Wheel 4 | 2 1 . 1 . Hover 5 | . . . 5 . Flight . | . . . . . Utility 12 | 1 . 2 4 5 Device 4 | . . . 1 3 Storage 2 | 1 . . 1 . Processor 3 | . . 2 . 1 Hackware . | . . . . . Protection 3 | . . . 2 1 Artifact . | . . . . . Weapon 10 | 2 1 . 3 4 Energy Gun 5 | . . . 2 3 Energy Cannon . | . . . . . Ballistic Gun 4 | 2 1 . 1 . Ballistic Cannon . | . . . . . Launcher . | . . . . . Special Weapon . | . . . . . Impact Weapon 1 | . . . . 1 Slashing Weapon . | . . . . . Piercing Weapon . | . . . . . Special Melee Weapon . | . . . . . Unidentified Prototypes 3 | . . . 1 2 Parts Lost 12 | . . . 2 10 Power 1 | . . . . 1 Propulsion 6 | . . . 1 5 Utility 3 | . . . 1 2 Weapon 2 | . . . . 2 Highest Loss Streak 10 | . . . 1 10 To Critical Strikes . | . . . . . Average Slot Usage (%) 93 | . 79 98 95 87 Engine 10 | . 14 14 11 5 Treads 15 | . . 22 23 . Wheel 3 | . 22 5 1 . Hover 13 | . . . 13 30 Device 1 | . . . 2 2 Storage 11 | . 14 14 11 8 Processor 6 | . . 12 2 8 Protection 5 | . . . 5 12 Energy Gun 5 | . . . 7 7 Ballistic Gun 17 | . 28 28 14 6 Peak Build Rating 33 | 5 6 14 25 33 Average Rating 17 | 4 5 12 20 24 On Entrance 9 | . 5 6 14 23 Naked Turns 9 | . . . . 9 Heaviest Build 27 | 13 13 13 27 27 Greatest Support 82 | 16 26 42 82 32 Greatest Overweight (x) 4 | 1 1 . 3 4 Average Overweight (x) . | . . . . . Largest Inventory Capacity 10 | 8 8 8 10 10 Average Capacity 9 | 6 8 8 9 9 Most Carried 10 | 4 3 8 10 10 Average Carried 7 | 2 2 7 9 8 Final Capacity 10 | 8 8 8 10 5 Final Carried 10 | 3 3 8 10 5 Class Distribution -------------------- 83% | Mutant 16% | Scavenger-Mutant Dominant Class ---------------- Mutant | -10/Materials Mutant | -10/Mines Mutant | -9/Materials Mutant | -8/Materials Resources | -11 -10 -10 -9 -8 ----------- Run | Yrd Mat Min Mat Mat Matter Collected 734 | 147 129 100 262 96 Remotely . | . . . . . Salvage Created 797 | . 129 16 380 272 Parts 34 | . 5 2 21 6 Haulers Intercepted . | . . . . . Recyclers Shooed . | . . . . . Parts Field Recycled . | . . . . . Retrieved Matter . | . . . . . Parts Self-Destructed . | . . . . . Prevented . | . . . . . Kills | -11 -10 -10 -9 -8 ------- Run | Yrd Mat Min Mat Mat Combat Hostiles Destroyed 17 | . 3 . 8 6 Guns 14 | . 3 . 8 3 Classes Destroyed 5 | . 1 1 2 1 Tunneler 1 | . . 1 . . Grunt 11 | . 3 . 4 4 Brawler 1 | . . . . 1 Duelist 1 | . . . 1 . Sentry 4 | . . . 3 1 Best Kill Streak 4 | . 3 1 4 2 Combat Bots Only 4 | . 3 . 4 2 Max Kills in Single Turn 1 | . 1 1 1 1 Gunslinging . | . . . . . Exploded . | . . . . . Melee . | . . . . . Uniques/NPCs Destroyed . | . . . . . Combat | -11 -10 -10 -9 -8 -------- Run | Yrd Mat Min Mat Mat Hostile Shots Fired 184 | . 9 . 49 126 Missed 55 | . 2 . 15 38 Damage Taken 2102 | . 81 . 607 1414 Core 685 | . 24 . 100 561 Absorbed by Shields . | . . . . . Redirected to Shielding 53 | . . . . 53 Core Remaining (%) 88 | 100 . 90 75 . Volleys Fired 48 | . 7 1 25 15 Largest 2 | . 2 2 2 2 Hottest 86 | . 40 40 86 86 Shots Fired 93 | . 14 2 50 27 Gun 93 | . 14 2 50 27 Cannon . | . . . . . Launcher . | . . . . . Special . | . . . . . Kinetic 72 | . 14 2 44 12 Thermal 18 | . . . 6 12 Explosive . | . . . . . Electromagnetic 3 | . . . . 3 Robot Hit Streak 7 | . 5 4 7 6 Robot Miss Streak 2 | . 1 . 2 2 Penetration Max . | . . . . . Secondary Targets . | . . . . . Shots Hit Robots 75 | . 10 1 33 31 Core Hits 30 | . 6 1 16 7 Critical Kills . | . . . . . Critical Parts Destroyed 3 | . . . 1 2 Critical Strikes 4 | . . . 2 2 Burn 1 | . . . 1 . Destroy 1 | . . . 1 . Smash 2 | . . . . 2 Melee Attacks 18 | . . . . 18 Impact 18 | . . . . 18 Slashing . | . . . . . Piercing . | . . . . . Sneak Attacks . | . . . . . Combat Hostiles . | . . . . . Follow-up Attacks . | . . . . . Damage Inflicted 1281 | . 99 10 395 777 Guns 823 | . 99 10 391 323 Cannons . | . . . . . Explosions . | . . . . . Melee 454 | . . . . 454 Ramming 4 | . . . 4 . Kinetic 583 | . 99 10 345 129 Thermal 200 | . . . 46 154 Explosive . | . . . . . Electromagnetic 40 | . . . . 40 Impact 454 | . . . . 454 Slashing . | . . . . . Piercing . | . . . . . Highest Corruption . | . . . . . Average Corruption . | . . . . . Corruption Purged . | . . . . . Corruption Blocked . | . . . . . Overload Shots . | . . . . . Overflow Damage 113 | . . . . 113 Projectiles . | . . . . . Explosions . | . . . . . Melee 113 | . . . . 113 Knockbacks 1 | . . . . 1 Impact 1 | . . . . 1 Kinetic . | . . . . . Secondary . | . . . . . Self-Inflicted Damage . | . . . . . Shots . | . . . . . Rammed 3 | 1 . . 2 . Targets Rammed 3 | 1 . . 2 . Kicked . | . . . . . Crushed . | . . . . . Highest Temperature 386 | . 12 . 72 386 Average Temperature 100 | . 8 . 26 142 Received Heat Transfer 1056 | . 42 . 204 810 Effects 3 | . . . . 3 Shutdowns 1 | . . . . 1 Energy Bleed 1 | . . . . 1 Damage (minor) 1 | . . . . 1 Siege Activations . | . . . . . Robots Corrupted 3 | . . . . 3 Combat Hostiles 3 | . . . . 3 Parts Fried 1 | . . . . 1 Impact Corruptions 6 | . . . . 6 Robots Melted . | . . . . . Combat Hostiles . | . . . . . Parts Melted 4 | . . . 2 2 Heat Transferred 518 | . . . 185 333 Parts Sabotaged . | . . . . . Parts Stolen . | . . . . . Parts Stripped . | . . . . . Power Chain Reactions . | . . . . . Alert | -11 -10 -10 -9 -8 ------- Run | Yrd Mat Min Mat Mat Peak Influence 255 | . 120 51 217 255 Initial 46 | . . 46 . 37 Average 76 | . 62 38 80 126 Maximum Alert Level 1 | . . . 1 1 Low Security (%) 88 | 100 100 100 84 77 Level 1 11 | . . . 15 22 Level 2 . | . . . . . Level 3 . | . . . . . Level 4 . | . . . . . Level 5 . | . . . . . High Security . | . . . . . Max Security . | . . . . . Squads Dispatched 6 | . 1 1 . 4 Investigation 5 | . 1 1 . 3 Extermination . | . . . . . Reinforcement 1 | . . . . 1 Assault . | . . . . . Garrison . | . . . . . Intercept . | . . . . . Searches Triggered . | . . . . . Construction Impeded . | . . . . . Haulers Reinforced . | . . . . . Active Scanning Responses . | . . . . . Cargo Convoy Interrupts . | . . . . . Stealth | -11 -10 -10 -9 -8 --------- Run | Yrd Mat Min Mat Mat Distress Signals 3 | . 1 . 1 1 Communications Jammed . | . . . . . Distress Signals . | . . . . . Times Spotted 37 | . 7 1 11 18 Peak Tracking Total 10 | . 5 1 4 10 Tactical Retreats 2 | . . . . 2 Traps | -11 -10 -10 -9 -8 ------- Run | Yrd Mat Min Mat Mat Traps Triggered 1 | . . . . 1 Indirectly . | . . . . . Trap Hack Attempts . | . . . . . Triggered . | . . . . . Disarmed 4 | . 4 . . . Reprogrammed 6 | . . . . 6 Reused 1 | . . . . 1 Traps Extracted . | . . . . . Installed . | . . . . . Triggered 1 | . . . . 1 Machines | -11 -10 -10 -9 -8 ---------- Run | Yrd Mat Min Mat Mat Machines Disabled . | . . . . . Max in Single Turn . | . . . . . Machines Repaired . | . . . . . Machines Dismantled . | . . . . . Machines Sabotaged . | . . . . . Overloaded Fab Kills . | . . . . . Hacking | -11 -10 -10 -9 -8 --------- Run | Yrd Mat Min Mat Mat Machines Accessed 11 | . 1 1 5 4 Terminals 9 | . 1 . 5 3 Fabricators . | . . . . . Repair Stations . | . . . . . Recycling Units . | . . . . . Scanalyzers 1 | . . . . 1 Garrison Access . | . . . . . Total Hacks 35 | . 5 1 13 16 Successful 18 | . 3 1 7 7 Failed 17 | . 2 . 6 9 Catastrophic 4 | . . . 1 3 Database Lockouts . | . . . . . Manual 8 | . . . 3 5 Terminals 30 | . 5 . 13 12 Fabricators . | . . . . . Repair Stations . | . . . . . Recycling Units . | . . . . . Scanalyzers 4 | . . . . 4 Garrison Access . | . . . . . Terminal Hacks 16 | . 3 1 7 5 Robot Analysis 1 | . . . 1 . Prototype ID Bank 2 | . . . 1 1 Open Door 1 | . . 1 . . Level Access Points 1 | . . . 1 . Branch Access Points 2 | . . . 1 1 Alert Level 1 | . . . 1 . Locate Traps 5 | . 1 . 2 2 Disarm Traps 1 | . 1 . . . Reprogram Traps 1 | . . . . 1 Zone Layout 1 | . 1 . . . Fabricator Hacks . | . . . . . Repair Station Hacks . | . . . . . Recycling Unit Hacks . | . . . . . Scanalyzer 2 | . . . . 2 Insert Component 1 | . . . . 1 Analyze 1 | . . . . 1 Garrison Access Hacks . | . . . . . Unauthorized Hacks . | . . . . . Terminals . | . . . . . Fabricators . | . . . . . Repair Stations . | . . . . . Recycling Units . | . . . . . Scanalyzers . | . . . . . Garrison Access . | . . . . . Data Cores Recovered . | . . . . . Used . | . . . . . Hacking Detections 9 | . 1 . 5 3 Full Trace Events 6 | . 1 . 2 3 Feedback Events . | . . . . . Feedback Blocked . | . . . . . Robot Schematics Acquired . | . . . . . Robots Built . | . . . . . Authchips . | . . . . . Time . | . . . . . Total Robot Build Rating . | . . . . . Part Schematics Acquired 1 | . . . . 1 Parts Built . | . . . . . Authchips . | . . . . . Time . | . . . . . Total Part Build Rating . | . . . . . Parts Repaired . | . . . . . Time . | . . . . . Parts Recycled . | . . . . . Recycled Matter . | . . . . . Retrieved Matter . | . . . . . Retrieved Components . | . . . . . Parts Scanalyzed 1 | . . . . 1 Part Schematics Acquired 1 | . . . . 1 Parts Damaged . | . . . . . Bothacking | -11 -10 -10 -9 -8 ------------ Run | Yrd Mat Min Mat Mat Used RIF Installer . | . . . . . Robots Hacked . | . . . . . Non-combat . | . . . . . Combat . | . . . . . Robot Hacks Applied . | . . . . . Relay Couplers Released . | . . . . . Fabnet Peak Effective % . | . . . . . Robots Rewired . | . . . . . Allies Hacked . | . . . . . Hacks Repelled . | . . . . . Allies | -11 -10 -10 -9 -8 -------- Run | Yrd Mat Min Mat Mat Total Allies . | . . . . . Largest Group . | . . . . . Highest-Rated Group . | . . . . . Highest-Rated Ally . | . . . . . Total Orders . | . . . . . Ally Attacks . | . . . . . Total Damage . | . . . . . Kills . | . . . . . Allies Corrupted . | . . . . . Allies Melted . | . . . . . Intel | -11 -10 -10 -9 -8 ------- Run | Yrd Mat Min Mat Mat Robot Analysis Total 1 | . . . 1 . Derelict Logs Recovered . | . . . . . Drone Launches . | . . . . . Drone Recoveries . | . . . . . Exploration | -11 -10 -10 -9 -8 ------------- Run | Yrd Mat Min Mat Mat Turns Passed 1839 | 59 123 503 717 437 Spaces Moved 1302 | 48 100 351 506 297 Core 33 | 2 . . . 31 Treads 502 | . . 250 252 . Legs 6 | 1 . . . 5 Wheels 246 | 45 100 101 . . Hover 515 | . . . 254 261 Flight . | . . . . . Fastest Speed 48 | 50 90 90 48 48 Average Speed 99 | 92 91 137 103 52 Slowest Speed 250 | 120 95 170 240 250 Overloaded Moves . | . . . . . Propulsion Burnouts . | . . . . . Robots Hopped . | . . . . . Cave-ins Triggered . | . . . . . Exploration Rate (%) 27 | 3 23 52 32 29 Regions Visited 4 Branch Regions 1 Pre-discovered Areas . | . . . . . Known Exits Taken 1 | . . . 1 . Unknown Exits Taken 3 | 1 1 1 . . Scrap Searched 1 | . . 1 . . Spaces Dug . | . . . . . Terrain Destroyed . | . . . . . Melee . | . . . . . Projectile . | . . . . . AOE . | . . . . . Terrain Rammed . | . . . . . Walls Destroyed . | . . . . . Machines Disabled . | . . . . . Actions | -11 -10 -10 -9 -8 --------- Run | Yrd Mat Min Mat Mat Total 1713 | 59 118 369 652 515 Wait 247 | . 10 . 77 160 Move 1298 | 47 99 350 505 297 Hop . | . . . . . Pick Up 25 | 2 . 7 9 7 Fast Attach 18 | 6 . 2 9 1 Attach 8 | . 1 1 2 4 Detach 3 | 1 . 1 . 1 Swap 19 | 1 1 3 8 6 Drop 26 | 1 . 4 15 6 Fire 48 | . 7 1 25 15 Melee 18 | . . . . 18 Ram 1 | 1 . . . . Kick . | . . . . . Crush 2 | . . . 2 . Escape Stasis . | . . . . . Rewire . | . . . . . Trap . | . . . . . Miscellaneous . | . . . . . Route ------- -11/Scrapyard -10/Materials -10/Mines (discovered 3 exits: *Mat x2 / [*Sub]) -9/Materials (discovered 4 exits: *Mat x3 / Min) -8/Materials History --------- Turn | Location | Event 14 | -11/Scrapyard | Discovered new exit (range 15) 60 | -11/Scrapyard | Entered Materials 149 | -10/Materials | Discovered new exit (range 12) 183 | -10/Materials | Entered Mines 271 | -10/Mines | Discovered new exit (range 2) 276 | -10/Mines | Met a Derelict shopkeep closing up shop 340 | -10/Mines | Build established: Mutant 437 | -10/Mines | Discovered new exit (range 10) 567 | -10/Mines | Discovered new exit (range 3) 686 | -10/Mines | Entered Materials 686 | -9/Materials | Evolved 2 slots: Propulsion x2 1064 | -9/Materials | Identified exit to Mines 1362 | -9/Materials | Identified exit to Materials 1403 | -9/Materials | Entered another Materials area 1403 | -8/Materials | Evolved 2 slots: Utility x2 1818 | -8/Materials | Core integrity fell below 50% 1825 | -8/Materials | Released all parts (2) 1832 | -8/Materials | Core integrity fell below 20% 1840 | -8/Materials | Destroyed by G-47 Trooper with Particle Gun Last Messages --------------- 01812_ K-01 Serf collects debris. 01815_ Destroyed Imp. Heat Sink. 01815_ G-47 Trooper system corrupted by crushing effect. 01816_ G-47 Trooper system terminally corrupted. 01816_ K-01 Serf collects debris. 01821_ Great Maul destroyed. 01821_ M-13 Machinist repairs G-47 Trooper. 01822_ K-01 Serf collects debris. 01825_ Released Imp. Signal Interpreter. 01825_ Released Med. Storage Unit. 01825_ R-06 Scavenger collects Sml. Matter Pod. 01827_ K-01 Serf collects debris. 01831_ R-06 Scavenger collects Hvy. Assault Rifle. 01833_ K-01 Serf cleans the Recycling Unit. 01834_ K-01 Serf cleans the Nuclear Reactor. 01834_ Acquired Reaction Control System. 01836_ K-01 Serf cleans the Recycling Unit. 01836_ Critical hit (Burn: +37). Map ----- +----------------------------------------------------+ | ????????????????????????????????????????????????? | | ????????????????????????????????????????????????? | | ????????????????????????????????????????????????? | | ????????????????????????????????????????????????? | | ????????????????????????????????????????????????? | | ????????????????????????????????????????????????? | | ????????????????????????????????????????????????? | | ????????????????????????????????????????????????? | | ????????????????????????????????????????????????? | | ????????????????????????????????????????????????? | | ????????????????????????????????????????????????? | | ????????????????????????????????????????????????? | | ????????????????????????????????????????????????? | | ????????????????????????????????????????????????? | | ????????????????????????????????????????????????? | | ????????????????????????????????????????????????? | | ????????????????????????????????????????????????? | | ############??########??????????????????????????? | | % #??# #??????????????????????????? | | ! #??# "" #??????????????????????????? | | ] #??# """#??????????????????????????? | | #???? S"#??????????????????????????? | | % #????? #??????????????????????????? | | % #?????? #??????????????????????????? | | ####/###############g######+######??????????????? | | ### @ ???????? | | [# ! H ???????? | | # ! """ k ???????? | | + !! k Y" #### ????????? | | " # """" ! """ ???????????????? | | ### """" t ??????????????? | | ??# """" T?????????????? | | ??#%! g "?????????????? | | ??# w #?????????????? | | ??# #?????????????? | | ??##"T"### ^ %^ ] g##### ####?????????????? | | ???#####?# ^ "#??? #????????????????? | | ?????????#^ ^ """ T#???//**]]#????????????????? | | ########## """ "#???//**]]#????????????????? | | """ ##???#####??????????????????? | | ! =#???????????????????????????? | | #???????????????????????????? | | ??# ###### ##### ##???????????????????????????? | | ???????????# #??? ????????????????????????????? | | ???????????# #??####????????????????????????????? | | ???????????# #??????????????????????????????????? | | ???????????# #??????????????????????????????????? | | ???????????# #??????????????????????????????????? | | ???????????# #??????????????????????????????????? | | ???????????# #??????????????????????????????????? | +----------------------------------------------------+ Best States ------------- Heat Dissipation 31 Energy Generation 15 Energy Capacity 280 Matter Stores 300 Matter Capacity 300 Sight Range 16 Robot Scan Range 14 Terrain Scan Density 10 Armor Coverage 150 Propulsion Shielding 33 Evasion (%) 63 Targeting Accuracy 8 Recoil Reduction 4 Item Schematics ----------------- Sensor Array | -8/Materials | Scanalyzed Robot Schematics ------------------ None Fabricated ------------ Nothing Alien Tech Used ----------------- None Achievements -------------- None Challenges ------------ None Game ------ Seed SensorElectronFacilitator Manual? 0 Play Time 00:21:33 Cumulative 28.0 hours Start 2024.08.22 @ 02:10:45 End 2024.08.22 @ 02:30:47 Sessions 1 Manual Loads 0 Difficulty Rogue Special Mode None Game No. 54 Rogue 54 Adventurer 0 Explorer 0 Win Type - Total 0 Types 0/0/0/0/0/0/0/0/0 Lore% 11 Gallery% 31 Achievement% 23 Wizard Run 0 Options --------- Layout 1 ASCII 0 Keyboard 1 Movement Numpad Keybinds 0 Fullscreen 1 Font 24/Smallcaps Map View 50x35 Zoom Use 0% Tactical HUD 1 Map Filters NONE Filters NONE Steam 1 RUN: fe396621-c35e-4140-a05b-b82c4b634f43